cohdb
Replays
Latest Replays
All Replays
Popular Replays
Top Player Replays
Match Explorer
How It Works
Community
CoH3 Stats
Reddit
Sign in to upload your games and track your stats! →
Sign in with Steam
Match 45551890
Unlisted
Match 45551890
Overview
Messages
Build Orders
End
Construct Section Command Post
Selects Canadian Shock Battlegroup
Dingo Light Scout Car
Infantry Section
Royal Engineer Section
Selects Attacking Spirit
Selects Canadian Shock Section
Canadian Shock Section
Construct Platoon Command Post
CMP 15cwt Truck
Vickers Machine Gun Team
Selects Incendiary Munitions
Humber Armored Car
Selects Pyrotechnics
Canadian Shock Section
Construct Company Command Post
Matilda II Heavy Tank
Selects Churchill Crocodile Heavy Tank
6-pounder Anti-tank Gun Team
Churchill Crocodile Heavy Tank
Selects Smoke Operation
Matilda II Heavy Tank
Smoke Operation
Grenade Package
Canadian Shock Section
Crusader II Medium Tank
Churchill Crocodile Heavy Tank
LITTLE TRICKSTER
GAF_Thom_Yorke
Da Cracka Whacka
Mr. Refreshing
Gubby
Yoshiii
Mccullin
Mesco
0
0
Comments
sign in to comment!
No comments posted yet!